 Dungeon Crawl Stone Soup version 0.29-a0-25-g7f48f510a0 (webtiles) character file.

Game seed: 7353664791082462841

67 horus123 the Skirmisher (level 4, -3/42 HPs)
             Began as a Minotaur Monk on Jan 31, 2022.
             Slain by a gnoll (8 damage)
             ... on level 2 of the Dungeon.
             The game lasted 00:02:44 (1715 turns).

horus123 the Skirmisher (Minotaur Monk)             Turns: 1715, Time: 00:02:44

Health: -3/42      AC:  3    Str: 17    XL:     4   Next: 0%
Magic:  3/3        EV: 12    Int:  7    God:
Gold:   51         SH:  0    Dex: 13    Spells: 3/3 levels left

rFire   + . .      SeeInvis .   a - +0 mace
rCold   + . .      Faith    +   (no shield)
rNeg    . . .      Spirit   .   c - +0 leather armour
rPois   .          Reflect  .   (helmet restricted)
rElec   .          Harm     .   e - scarf {rC+ rF+}
rCorr   .          Rampage  .   (no gloves)
Will    .....                   (no boots)
Stlth   ++........              h - amulet of faith
HPRegen 0.14/turn               (no ring)
MPRegen 0.08/turn               (no ring)

@: no status effects
A: horns 2, retaliatory headbutt
a: no special abilities


You were on level 2 of the Dungeon.
You visited 1 branch of the dungeon, and saw 2 of its levels.

You collected 51 gold pieces.

Inventory:

Hand Weapons
 a - a +0 mace (weapon)
Armour
 c - a +0 leather armour (worn)
 e - a scarf of resistance (worn)
Jewellery
 b - an amulet of regeneration
 h - an amulet of faith (around neck)
Scrolls
 g - a scroll of fog {unknown}
Potions
 d - a potion of cancellation {unknown}
 f - 2 potions of might {unknown}


   Skills:
 - Level 5.0 Fighting
 + Level 4.8 Maces & Flails
 - Level 3.2 Dodging
 - Level 1.5 Stealth


You had 3 spell levels left.
You didn't know any spells.
Your spell library was empty.

Dungeon Overview and Level Annotations

Branches:
Dungeon (2/15)

Altars:

Shops:
D:1 *


Innate Abilities, Weirdness & Mutations

You have a pair of horns on your head.
You reflexively headbutt those who attack you in melee.


Message History

The goblin closely misses you. You furiously retaliate!
You headbutt the goblin!
You kill the goblin!
Items here: ))) †††.
You hit the goblin.
You kill the goblin!
Robin closely misses you.
Items here: )))) †††.
You sock Robin! Your headbutt misses Robin.
Robin is heavily wounded.
Robin roars a battlecry!
You hear a shout! x3
You hit Robin but do no damage.
Robin is heavily wounded.
You hear a shout!
Robin completely misses you.
You hit Robin but do no damage. You headbutt Robin, but do no damage.
Robin is heavily wounded.
Robin closely misses you. Robin completely misses you.
You completely miss Robin.
Robin is heavily wounded.
A gnoll comes into view.
It is wielding a +0 whip of electrocution.
Robin hits you with a +2 mace of protection.
You hit Robin but do no damage.
Robin is heavily wounded.
Robin roars a battlecry!
You hear a shout! x2
You hit Robin.
Robin is severely wounded.
Robin hits you with a +2 mace of protection.
You thump Robin!
You kill Robin!
You have reached level 4!
You feel agile.
You completely miss the gnoll.
The gnoll hits you with a +0 whip of electrocution.
You are electrocuted!
* * * LOW HITPOINT WARNING * * *
The gnoll hits you with a +0 whip of electrocution!
You die...

##...###.........###########.#
##.## ########.......(......#
### ##.############# #.#
########## #.# #........# #.#
#.######.# #.# #.# #.###.#
#.######...@.# #.##......g..#
######.#..........##
#.........###.#....########
#.####.#..###.#............ #
#..........##...#######. #.
#.###.####.###.## #.#.#.##.#
#.# #.# ..###)..####.# #.#


You could see a gnoll.

Vanquished Creatures
  Robin (D:2)
  A dart slug (D:2)
  5 endoplasms
  3 giant cockroaches
  7 goblins
  7 hobgoblins
  6 jackals (D:1)
  2 quokkas (D:1)
  3 ball pythons (D:2)
  A bat (D:1)
  5 frilled lizards
  4 kobolds
  5 rats
50 creatures vanquished.

Notes
Turn   | Place    | Note
-------+----------+-------------------------------------------
     0 | D:1      | horus123 the Minotaur Monk began the quest for the Orb.
     0 | D:1      | Reached XP level 1. HP: 19/19 MP: 0/0
    30 | D:1      | Reached skill level 4 in Fighting
   211 | D:1      | Reached XP level 2. HP: 27/28 MP: 1/1
   621 | D:1      | Reached skill level 5 in Fighting
   656 | D:1      | Found Anejagus's Assorted Antiques.
   742 | D:1      | Reached XP level 3. HP: 36/36 MP: 2/2
  1673 | D:2      | Noticed Robin
  1699 | D:2      | Killed Robin
  1700 | D:2      | Reached XP level 4. HP: 25/42 MP: 3/3
  1715 | D:2      | Slain by a gnoll

Illustrated notes

Levels and vault maps discovered:
D:1:      ebering_trefoil_3fold, layout_basic, serial_shops,
          nicolae_shop_temple_entry_statues_fountains
D:2:      layout_loops_corners, uniq_robin

Skill      XL: |  1  2  3 |
---------------+----------+-----
Fighting       | 4 5 |  5.0
Maces & Flails | 4 |  4.8
Dodging        | |  3.2
Stealth        | |  1.5

Action                   |  1- 3 |  4- 6 || total
-------------------------+-------+-------++-------
Melee: Mace              |    94 |     1 ||    95
       Headbutt          |    11 |       ||    11
 Stab: Sleeping          |     4 |       ||     4
       Distracted        |     1 |       ||     1
Armor: Robe              |     1 |       ||     1
       Leather armour    |    13 |       ||    13
Dodge: Dodged            |    49 |       ||    49

Table legend: (Time is in decaauts)
 A = Elapsed time spent in this place.
 B = Non-inter-level travel time spent in this place.
 C = Inter-level travel time spent in this place.
 D = Time resting spent in this place.
 E = Time spent auto-exploring this place.
 F = Levels seen in this place.
 G = Mean time per level.
                   A        B        C        D        E       F      G
               +--------+--------+--------+--------+--------+-----+--------+
         Total |   1733 |   1726 |      7 |    228 |   1175 |   2 |  866.5 |
       Dungeon |   1733 |   1726 |      7 |    228 |   1175 |   2 |  866.5 |
               +--------+--------+--------+--------+--------+-----+--------+

Top non-repeatable levels by time:
     D:1: 1189 daAuts
     D:2: 544 daAuts
